 Dungeon Crawl Stone Soup version 0.30.1-3-gfc49f6343a (webtiles) character file.

Game seed: 16193438056652021066

7743 safid the Frost Mage (level 11, -17/90 HPs)
             Began as a Merfolk Ice Elementalist on July 26, 2023.
             Was an Elder of Vehumet.
             Demolished by an orc warrior
             ... wielding a +0 heavy long sword
              (24 damage)
             ... on level 10 of the Dungeon.
             The game lasted 00:19:38 (8486 turns).

safid the Frost Mage (Merfolk Ice Elementalist)     Turns: 8486, Time: 00:19:39

Health: -17/90     AC:  4    Str:  9    XL:     11   Next: 20%
Magic:  32/32      EV: 15    Int: 24    God:    Vehumet [****..]
Gold:   514        SH:  0    Dex: 15    Spells: 11/26 levels left

rFire   . . .        f - +3 mace of Watchfulness {venom, MP+9}
rCold   . . .        (no shield)
rNeg    . . .        a - +0 robe
rPois   .            (no helmet)
rElec   .            I - +1 cloak
rCorr   +            (no gloves)
SInv    .            (no boots)
Will    .....        (no amulet)
Stlth   ++           e - +6 ring of intelligence
HPRegen 0.35/turn    C - ring of resist corrosion
MPRegen 0.23/turn

%: no passive effects
@: slowed, very slow
A: (nimble swimmer 2), mertail
a: Renounce Religion


You were on level 10 of the Dungeon.
You worshipped Vehumet.
Vehumet was greatly pleased with you.
You visited 1 branch of the dungeon, and saw 10 of its levels.

You collected 514 gold pieces.

Inventory:

Hand Weapons
 f - the +3 mace of Watchfulness (weapon) {venom, MP+9}
   (You found it on level 6 of the Dungeon)

   MP:        It affects your magic capacity (+9).
 H - the +1 rapier "Zeceix" {spect, Int+2 Dex+3}
   (You took it off a gnoll on level 6 of the Dungeon)

   Int:       It affects your intelligence (+2).
   Dex:       It affects your dexterity (+3).
Missiles
 F - a curare-tipped dart
 G - 2 throwing nets
Armour
 a - a +0 robe (worn)
 I - a +1 cloak (worn)
Jewellery
 e - a +6 ring of intelligence (left hand)
 l - a ring of fire
 C - a ring of resist corrosion (right hand)
 J - a ring of wizardry
Wands
 i - a wand of charming (9)
 k - a wand of polymorph (8)
Scrolls
 h - 3 scrolls of blinking
 m - 2 scrolls of enchant weapon
 o - 3 scrolls of teleportation
 q - a scroll of butterflies {unknown}
 r - 2 scrolls of enchant armour {unknown}
 s - 3 scrolls of fog
 t - a scroll of magic mapping {unknown}
 v - a scroll of noise {unknown}
 x - 4 scrolls of silence
 y - 2 scrolls of fear {unknown}
 z - a scroll of vulnerability {unknown}
 A - 2 scrolls of immolation {unknown}
 D - 2 scrolls of amnesia {unknown}
 E - a scroll of poison {unknown}
Potions
 b - 4 potions of magic
 c - 3 potions of brilliance {unknown}
 d - a potion of resistance {unknown}
 g - a potion of flight
 j - 3 potions of curing
 n - a potion of heal wounds
 p - a potion of berserk rage {unknown}
 u - a potion of degeneration {unknown}
 w - 2 potions of attraction {unknown}
 B - a potion of lignification {unknown}
 K - a potion of might {unknown}


   Skills:
 + Level 9.7 Fighting
 + Level 6.7 Dodging
 - Level 2.1 Stealth
 + Level 8.4 Spellcasting
 + Level 3.6 Conjurations
 + Level 10.8 Ice Magic
 - Level 2.0 Air Magic


You had 11 spell levels left.
You knew the following spells:

 Your Spells              Type           Power      Damage    Failure   Level
a - Freeze                Ice            100%       1d10      1%          1
b - Frozen Ramparts       Ice            100%       1d16      1%          3
c - Ozocubu's Armour      Ice            58%        N/A       1%          3
d - Hailstorm             Conj/Ice       44%        3d10      1%          3
e - Freezing Cloud        Conj/Ice/Air   18%        6-21      5%          5

Your spell library contained the following spells:

 Spells                   Type           Power      Damage    Failure   Level
 Stone Arrow              Conj/Erth      36%        3d9       2%          3
 Sandblast                Erth           20%        2d7       1%          1
 Ignite Poison            Fire/Tmut/Pois 10%        N/A       5%          3
 Summon Small Mammal      Summ           40%        N/A       6%          1
 Cigotuvi's Dreadful Rot  Necr/Pois/Air  26%        N/A       7%          2
 Summon Ice Beast         Ice/Summ       36%        N/A       7%          4
 Fulminant Prism          Conj/Hex       9%         3d7       8%          4
 Call Canine Familiar     Summ           10%        N/A       19%         3
 Summon Guardian Golem    Hex/Summ       10%        N/A       19%         3
 Iron Shot                Conj/Erth      9%         9d3       71%         6
 Discord                  Hex            5%         N/A       100%        8


Dungeon Overview and Level Annotations

Branches:
Dungeon (10/15)            Temple (0/1) D:7            Lair (0/5) D:8
    Orc: D:9-12

Altars:
Vehumet

Shops:
D:7 :

Annotations:
D:9 3 runed translucent doors, monsoonserge's ghost, novice DjFE


Innate Abilities, Weirdness & Mutations

((You are very nimble when in or above water. (Stealth+, EV+, Speed+++)))
Your lower body shifts to a powerful aquatic tail in water.


Message History

The orc hits you but does no damage.
Unknown command.
Casting: Frozen Ramparts (safe; 1% risk of failure)
Confirm with . or Enter, or press ? or * to list all spells.
Casting: Frozen Ramparts (safe; 1% risk of failure)
Press: ? - help, Dir - look around, f - activate The walls around you are covered in ice.
The wall freezes the orc.
You kill the orc!
Vehumet accepts your kill.
Vehumet is now extending the range of your destructive spells.
You feel your power returning.
The wall freezes the orc warrior.
The orc warrior completely misses you.
You closely miss the orc warrior.
The orc warrior is lightly wounded.
Your icy armour starts to melt.
The wall freezes the orc warrior but does no damage.
The orc warrior misses you.
The wall freezes the orc warrior!
The orc warrior closely misses you.
Unknown command.
You hit the orc warrior.
The orc warrior is poisoned.
The orc warrior is heavily wounded.
The wall freezes the orc warrior but does no damage.
The orc warrior hits you with a +0 heavy long sword.
* * * LOW HITPOINT WARNING * * *
Unknown command.
You closely miss the orc warrior.
The orc warrior is severely wounded.
The wall freezes the orc warrior.
The orc warrior hits you with a +0 heavy long sword.
* * * LOW HITPOINT WARNING * * *
Unknown command.
You hit the orc warrior but do no damage.
The orc warrior is almost dead.
Your icy armour evaporates.
The frozen ramparts melt away.
The orc warrior hits you with a +0 heavy long sword!
* * * LOW HITPOINT WARNING * * *
The orc warrior hits you with a +0 heavy long sword!!
You die...

#. #.... #. #).. #
#. #)o# . #. #. #).#
#.#.##.###..# #
#...........####.#
................. .
#.####.o###....... .
)......)@.).####.#..
..####.###...###....
....................


..PPPPPPP.PPP...... #.....P.P.P.P.....> ##P.P.P.P.P.P.### #P.P.P.P.....#
#P.PPP.P.PPP## #P.........P# You could see an orc warrior (poisoned).

Vanquished Creatures
  Josephine (D:10)
  A two-headed ogre (D:9)
  Maurice (D:8)
  A komodo dragon (D:8)
  Sigmund (D:5)
  A shadow (D:9)
  3 wraiths (D:10)
  A wyvern (D:8)
  6 yaks
  A steam dragon (D:9)
  3 water moccasins (D:8)
  A sky beast (D:6)
  4 orc warriors
  4 ice beasts
  5 black bears
  2 ogres
  3 centaurs
  3 phantoms (D:5)
  3 kobold brigands
  7 bullfrogs
  A gnoll sergeant (D:9)
  A scorpion (D:6)
  3 howler monkeys
  4 hounds
  A gnoll bouda (D:6)
  6 orc priests
  3 jellies
  5 iguanas
  A sleepcap (D:4)
  6 orc wizards
  7 adders
  9 gnolls
  2 white imps (D:5)
  An ufetubus (D:5)
  2 worms (D:3)
  33 orcs
  7 ball pythons
  7 bats
  8 endoplasms
  5 giant cockroaches
  6 goblins
  6 hobgoblins
  2 jackals (D:1)
  15 kobolds
  2 quokkas
  4 frilled lizards
  4 rats
203 creatures vanquished.

Notes
Turn   | Place    | Note
-------+----------+-------------------------------------------
     0 | D:1      | safid the Merfolk Ice Elementalist began the quest for the
                  | Orb.
     0 | D:1      | Reached XP level 1. HP: 13/13 MP: 3/3
   107 | D:1      | Reached XP level 2. HP: 20/20 MP: 5/5
   123 | D:1      | Reached skill level 1 in Fighting
   563 | D:1      | Reached XP level 3. HP: 24/26 MP: 6/6
  1416 | D:2      | Reached skill level 5 in Ice Magic
  1649 | D:3      | Found a radiant altar of Vehumet.
  1655 | D:3      | Reached XP level 4. HP: 33/33 MP: 8/8
  1667 | D:3      | Became a worshipper of Vehumet
  2418 | D:4      | Learned a level 3 spell: Frozen Ramparts
  2422 | D:4      | Learned a level 3 spell: Ozocubu's Armour
  2428 | D:4      | Noticed a black bear
  2438 | D:4      | Reached XP level 5. HP: 32/39 MP: 0/9
  2439 | D:4      | Killed a black bear
  2474 | D:4      | Reached XP level 6. HP: 47/47 MP: 2/11
  2646 | D:4      | Noticed a black bear
  2655 | D:4      | Killed a black bear
  2656 | D:4      | Reached skill level 6 in Ice Magic
  2741 | D:4      | Reached * piety under Vehumet
  2741 | D:4      | Offered knowledge of Shock by Vehumet.
  2751 | D:4      | Reached XP level 7. HP: 54/54 MP: 5/13
  3094 | D:5      | Entered Level 5 of the Dungeon
  3568 | D:5      | Reached skill level 5 in Fighting
  3674 | D:5      | Reached skill level 7 in Ice Magic
  3724 | D:5      | Reached skill level 5 in Spellcasting
  3724 | D:5      | Reached XP level 8. HP: 32/63 MP: 11/15
  4193 | D:5      | Noticed Sigmund
  4209 | D:5      | Killed Sigmund
  4481 | D:6      | Reached ** piety under Vehumet
  4487 | D:6      | Offered knowledge of Scorch by Vehumet.
  4488 | D:6      | Reached skill level 8 in Ice Magic
  4595 | D:6      | Reached XP level 9. HP: 71/71 MP: 13/18
  4736 | D:6      | You fall into a shaft and drop 1 floor!
  4833 | D:6      | Identified the +1 rapier "Zeceix" {spect, Int+2 Dex+3}
  4958 | D:6      | Identified the +3 mace of Watchfulness {venom, MP+9}
  5523 | D:7      | Reached skill level 9 in Ice Magic
  5538 | D:7      | HP: 3/73 [something (4)]
  5751 | D:7      | Found Wugatut's Book Emporium.
  5884 | D:7      | Found a staircase to the Ecumenical Temple.
  6360 | D:8      | Learned a level 5 spell: Freezing Cloud
  6451 | D:8      | Offered knowledge of Hailstorm by Vehumet.
  6457 | D:8      | Learned a level 3 spell: Hailstorm
  6532 | D:8      | Reached XP level 10. HP: 52/82 MP: 21/21
  6617 | D:8      | Reached skill level 1 in Conjurations
  6617 | D:8      | Reached skill level 1 in Air Magic
  6709 | D:8      | Noticed Maurice
  6740 | D:8      | Killed Maurice
  6740 | D:8      | Reached *** piety under Vehumet
  6787 | D:8      | Found a staircase to the Lair.
  6944 | D:8      | Reached skill level 10 in Ice Magic
  7216 | D:9      | Offered knowledge of Stone Arrow by Vehumet.
  7218 | D:9      | Reached skill level 5 in Dodging
  7696 | D:9      | Found a runed translucent gate.
  7697 | D:9      | Found a runed translucent gate.
  7698 | D:9      | Found a runed translucent gate.
  7700 | D:9      | Noticed a kobold demonologist
  7701 | D:9      | Noticed monsoonserge's ghost (novice DjFE)
  7702 | D:9      | Noticed a kobold demonologist
  8184 | D:9      | Noticed a two-headed ogre
  8189 | D:9      | Killed a two-headed ogre
  8288 | D:10     | Entered Level 10 of the Dungeon
  8315 | D:10     | Got the Thoughts on Baleful Spelunking
  8420 | D:10     | Reached XP level 11. HP: 63/89 MP: 23/23
  8421 | D:10     | Reached **** piety under Vehumet
  8422 | D:10     | Noticed Josephine
  8431 | D:10     | Killed Josephine
  8486 | D:10     | Demolished by an orc warrior

Illustrated notes

Levels and vault maps discovered:
D:1:      tarquinn_simple_flora_water_c, layout_loops_ring, minmay_vboxes
D:2:      layout_loops_ring
D:3:      layout_basic, fiery_altar_vehumet
D:4:      layout_rooms
D:5:      layout_basic, uniq_sigmund
D:6:      layout_loops_cross
D:7:      layout_loops_ring, minmay_temple_entry_hall, serial_shops,
          nicolae_shop_getting_attention
D:8:      cheibrodos_elevator_heist, layout_rooms, due_lair_maze_entry_diamond,
          uniq_maurice
D:9:      layout_roguey, gammafunk_ghost_nasty_kobolds
D:10:     layout_basic, erik_orc_2, minmay_misc_feat_plants, minmay_hedge_maze,
          uniq_fannar, uniq_josephine

Skill      XL: |  1  2  3  4  5  6  7  8  9 10 |
---------------+-------------------------------+-----
Fighting       | 1 2 3 4 5 6 8 9 |  9.7
Ice Magic      | 5 6 7 8 9 10 | 10.8
Spellcasting   | 3 4 5 6 7 8 |  8.4
Dodging        | 3 6 |  6.7
Conjurations   | 3 |  3.6
Air Magic      | 2 |  2.0
Stealth        | |  2.1

Action                     |  1- 3 |  4- 6 |  7- 9 | 10-12 || total
---------------------------+-------+-------+-------+-------++-------
  Melee: Club              |    10 |       |       |       ||    10
         Unarmed           |     2 |       |       |       ||     2
         Spear             |   102 |       |       |       ||   102
         Punch             |     1 |       |     1 |       ||     2
         Mace              |       |       |    63 |    76 ||   139
   Fire: Sling             |    20 |    85 |   150 |       ||   255
   Cast: Freeze            |    10 |       |     6 |     3 ||    19
         Frozen Ramparts   |       |     6 |    26 |    24 ||    56
         Ozocubu's Armour  |       |     2 |    28 |    16 ||    46
         Freezing Cloud    |       |       |       |     2 ||     2
    Use: Potion            |       |       |     4 |     2 ||     6
         Scroll            |       |       |     3 |     2 ||     5
   Stab: Sleeping          |     5 |       |       |       ||     5
 Armour: Robe              |    20 |     5 |    63 |    30 ||   118
         Skin              |       |       |       |    10 ||    10
  Dodge: Dodged            |    68 |    38 |   145 |    76 ||   327
